Map: [ESL] Inside and Out

Players

Scarlett - Winner!

  • Race: Zerg Zerg
  • Spawn Location: 7:00

Astrea

  • Race: Protoss Protoss
  • Spawn Location: 1:00

Event: DreamHack SC2 Masters 2022 Atlanta (Online)

VOD

Have the link to the VOD?

Description

Time

  • Played on: Oct. 9, 2022, 3:34 p.m.
  • Length: 12:40

All games in this series

Show
View Real Time Build Order
Export as new Build Order

Scarlett Zerg - Winner!

Build Orders: Hatch First 

Get SALT Encoding   

  12  0:00  Drone  
  13  0:12  Overlord  
  13  0:17  Drone  
  14  0:31  Drone  
  15  0:42  Hatchery  
  15  0:46  Drone  
  15  0:50  Drone  
  15  0:54  Drone  
  17  0:58  Drone  
  18  1:08  Extractor  
  17  1:15  Spawning Pool  
  16  1:18  Drone  
  16  1:20  Drone  
  18  1:29  Drone  
  19  1:40  Drone  
  20  1:51  Drone  
  21  1:55  Drone  
  22  2:02  Queen x2  
  22  2:03  Overlord  
  22  2:05  Zergling x2  
  27  2:16  Evolution Chamber  
  27  2:18  Drone x2  
  28  2:25  Drone  
  28  2:29  Drone  
  30  2:42  Hatchery  
  30  2:43  Zerg Melee Weapons Level 1  
  29  2:45  Zergling x2  
  30  2:52  Overlord  
  30  2:58  Metabolic Boost, Drone  
  31  3:02  Drone x2  
  33  3:14  Queen, Drone  
  33  3:15  Drone  
  33  3:16  Drone x2  
  33  3:19  Zergling x2  
  40  3:20  Zergling x2  
  40  3:22  Zergling x2  
  42  3:27  Overlord  
  42  3:31  Queen  
  44  3:38  Overlord  
  44  3:45  Overlord  
  44  3:46  Drone x3  
  44  3:47  Drone  
  48  3:49  Drone  
  48  3:54  Overlord  
  49  4:00  Zergling x2  
  49  4:01  Zergling x2  
  47  4:09  Zergling x6  
  50  4:10  Zergling x2  
  50  4:17  Zergling x2  
  50  4:18  Zergling x6  
  54  4:29  Zergling x12  
  60  4:35  Zergling x2  
  60  4:36  Zergling x4  
  63  4:43  Zergling x2  
  61  4:53  Zergling x12  
  61  4:55  Zergling x6  
  65  5:00  Zergling x2  
  65  5:03  Zergling x2  
  63  5:08  Zergling x2  
  63  5:12  Zergling x4  
  63  5:13  Zergling x2  
  63  5:16  Zergling x2  
  63  5:17  Zergling x4  
  62  5:22  Drone  
  62  5:23  Queen  
  62  5:27  Drone  
  62  5:28  Drone  
  67  5:29  Queen  
  66  5:36  Drone x2  
  66  5:40  Drone x2  
  63  5:44  Queen, Drone x3  
  68  5:53  Drone x5  
  68  5:54  Drone  
  72  6:00  Drone x2  
  72  6:03  Spore Crawler  
  72  6:04  Spore Crawler  
  72  6:06  Drone  
  72  6:08  Roach Warren  
  72  6:09  Extractor  
  72  6:10  Drone x4  
  75  6:13  Drone  
  75  6:16  Zerg Missile Weapons Level 1  
  76  6:18  Overlord  
  76  6:22  Drone x4  
  76  6:23  Drone, Extractor  
  80  6:28  Overlord x2  
  77  6:35  Drone x3  
  77  6:39  Drone x4  
  83  6:47  Drone x3  
  83  6:49  Lair  
  83  6:50  Overlord  
  86  6:55  Overlord  
  86  6:56  Roach  
  86  6:57  Roach  
  86  7:00  Spore Crawler, Roach  
  86  7:01  Extractor  
  89  7:02  Zergling x2, Roach  
  92  7:12  Zergling x14  
  99  7:18  Ravager  
  99  7:19  Zergling x8  
  104  7:24  Ravager  
  104  7:25  Zergling x10  
  108  7:30  Ravager  
  108  7:32  Zergling x2  
  105  7:39  Zergling x6  
  105  7:40  Zergling x2  
  105  7:42  Zergling x4  
  105  7:43  Queen  
  107  7:45  Ravager  
  107  7:47  Zergling x8  
  112  7:51  Roach x2  
  112  7:57  Roach x3  
  118  8:01  Zergling x2  
  118  8:03  Zergling x2  
  118  8:04  Zergling x4  
  111  8:08  Zergling x4  
  111  8:10  Zergling x2  
  109  8:15  Glial Reconstitution  
  109  8:17  Roach x4  
  109  8:18  Zergling x2, Ravager  
  118  8:21  Hatchery  
  118  8:23  Zergling x6  
  118  8:24  Zergling x2  
  118  8:26  Ravager  
  118  8:27  Zergling x2  
  120  8:43  Zergling x4  
  120  8:44  Overlord x5  
  120  8:46  Zerg Melee Weapons Level 2  
  122  8:51  Baneling Nest  
  121  8:57  Zergling x2, Overlord x3  
  121  9:03  Zergling x16  
  121  9:08  Ravager x3  
  121  9:09  Zergling x4  
  130  9:22  Zergling x14  
  126  9:25  Zergling x2  
  126  9:29  Zergling x12  
  111  9:35  Centrifugal Hooks  
  111  9:37  Drone x2  
  110  9:41  Drone x2  
  106  9:48  Drone x2  
  106  9:51  Drone x2  
  110  9:53  Ravager x2  
  110  9:55  Drone  
  110  9:58  Spore Crawler  
  112  10:05  Drone  
  112  10:06  Drone x8  
  121  10:17  Roach  
  121  10:18  Roach x6  
  135  10:25  Hatchery  
  135  10:26  Zergling x6  
  137  10:29  Extractor  
  137  10:30  Drone  
  137  10:31  Drone x2  
  137  10:32  Extractor  
  137  10:36  Zergling x10  
  137  10:37  Zergling x2  
  137  10:41  Zergling x4  
  137  10:42  Zergling x6  
  148  10:46  Overlord  
  148  10:50  Drone  
  148  10:53  Drone x2  
  148  10:56  Drone  
  154  10:57  Roach x5  
  154  11:01  Roach x4  
  170  11:04  Infestation Pit  
  168  11:11  Zergling x8  
  168  11:14  Zergling x4  
  174  11:19  Zergling x4  
  174  11:22  Ravager x3  
  174  11:23  Baneling x10  
  179  11:26  Hatchery  
  179  11:27  Zergling x8  
  179  11:32  Baneling x6  
  182  11:33  Zergling x4, Baneling x3  
  182  11:39  Baneling x5  
  184  11:40  Zergling x8  
  184  11:44  Zergling x8  
  183  12:01  Zergling x8  
  183  12:02  Zergling x18  
  183  12:12  Zergling x14  
  174  12:16  Roach x2  
  174  12:20  Roach x5  
Show
View Real Time Build Order
Export as new Build Order

Astrea Protoss 

Build Orders: 1 Gate Expand, Oracle Opening 

Get SALT Encoding   

  12  0:00  Probe  
  13  0:12  Probe  
  14  0:17  Pylon  
  14  0:24  Probe (Chrono Boost)  
  16  0:36  Probe (Chrono Boost)  
  16  0:37  Gateway  
  16  0:43  Probe (Chrono Boost)  
  16  0:47  Assimilator  
  17  0:51  Probe  
  18  1:03  Probe  
  19  1:15  Probe  
  20  1:24  Nexus  
  20  1:27  Probe  
  21  1:35  Cybernetics Core  
  21  1:42  Assimilator  
  21  1:44  Probe  
  22  1:50  Pylon  
  22  1:56  Probe  
  24  2:08  Probe (Chrono Boost)  
  24  2:09  Adept (Chrono Boost)  
  26  2:18  Probe (Chrono Boost), Stargate  
  27  2:23  Probe (Chrono Boost)  
  27  2:28  Warp Gate  
  28  2:32  Adept  
  28  2:36  Probe (Chrono Boost)  
  32  2:40  Probe (Chrono Boost)  
  32  2:45  Probe (Chrono Boost)  
  32  2:48  Probe (Chrono Boost)  
  32  2:50  Probe (Chrono Boost)  
  35  2:59  Probe  
  35  3:00  Oracle (Chrono Boost)  
  35  3:02  Probe  
  40  3:07  Gateway  
  40  3:11  Probe  
  41  3:14  Probe  
  42  3:23  Probe  
  42  3:26  Probe  
  42  3:27  Pylon  
  44  3:35  Nexus  
  44  3:38  Pylon  
  44  3:40  Probe  
  45  3:43  Oracle (Chrono Boost), Probe  
  49  3:51  Robotics Facility  
  49  3:53  Probe  
  50  3:55  Probe  
  51  4:05  Probe  
  51  4:07  Probe  
  51  4:09  Assimilator  
  53  4:10  Assimilator, Pylon  
  53  4:15  Stalker, Pylon  
  55  4:20  Probe x2 (Chrono Boost)  
  57  4:31  Probe (Chrono Boost)  
  59  4:32  Gateway  
  59  4:33  Probe (Chrono Boost)  
  59  4:36  Sentry, Probe (Chrono Boost)  
  62  4:40  Sentry  
  64  4:46  Immortal (Chrono Boost)  
  68  4:59  Probe  
  63  5:00  Adept, Probe  
  63  5:03  Stalker  
  63  5:04  Probe  
  63  5:06  Gateway  
  69  5:11  Probe  
  69  5:13  Shield Battery  
  64  5:16  Probe x2  
  64  5:21  Adept  
  61  5:22  Warp Prism (Chrono Boost)  
  63  5:29  Probe  
  63  5:32  Zealot x2  
  65  5:37  Gateway  
  65  5:42  Zealot  
  61  5:47  Gateway  
  61  5:52  Sentry  
  61  5:53  Sentry  
  61  5:55  Immortal  
  67  6:02  Pylon  
  67  6:08  Pylon  
  67  6:14  Pylon  
  67  6:25  Adept, Pylon  
  69  6:26  Adept  
  71  6:37  Sentry x3  
  77  6:50  Stalker  
  77  6:51  Stalker x2  
  77  6:53  Pylon  
  83  7:00  Observer  
  84  7:06  Pylon  
  84  7:14  Stalker x6  
  96  7:17  Pylon  
  96  7:21  Pylon  
  92  7:39  Zealot  
  92  7:40  Zealot  
  92  7:41  Zealot x4  
  100  7:50  Nexus  
  88  8:11  Zealot x5  
  86  8:15  Observer  
  86  8:16  Probe  
  86  8:18  Probe  
  88  8:28  Oracle (Chrono Boost), Probe  
  88  8:29  Robotics Bay  
  88  8:30  Probe  
  88  8:32  Sentry x2  
  97  8:34  Shield Battery  
  97  8:40  Probe  
  98  8:42  Probe  
  98  8:45  Immortal  
  103  8:52  Probe  
  103  8:54  Probe  
  105  8:59  Zealot x4  
  113  9:04  Probe  
  113  9:05  Zealot  
  102  9:25  Zealot x6  
  102  9:26  Probe  
  99  9:31  Probe  
  99  9:33  Probe  
  101  9:38  Probe (Chrono Boost)  
  101  9:44  Disruptor, Probe (Chrono Boost)  
  107  9:45  Probe (Chrono Boost)  
  107  9:48  Assimilator  
  107  9:49  Assimilator  
  107  9:50  Probe (Chrono Boost)  
  107  9:52  Stargate  
  108  9:55  Probe (Chrono Boost)  
  108  9:57  Probe (Chrono Boost)  
  108  9:58  Probe (Chrono Boost)  
  111  10:03  Phoenix  
  113  10:09  Probe  
  114  10:19  Protoss Air Weapons Level 1  
  114  10:20  Disruptor (Chrono Boost)  
  114  10:28  Phoenix (Chrono Boost)  
  119  10:30  Forge  
  119  10:35  Nexus  
  119  10:37  Phoenix (Chrono Boost)  
  121  10:48  Disruptor, Phoenix (Chrono Boost), Pylon  
  122  10:51  Twilight Council  
  122  10:53  Phoenix (Chrono Boost)  
  124  11:01  Sentry x2  
  128  11:09  Phoenix (Chrono Boost)  
  130  11:12  Shield Battery  
  130  11:15  Phoenix (Chrono Boost)  
  131  11:24  Disruptor  
  131  11:25  Phoenix  
  134  11:27  Stalker x4  
  144  11:33  Phoenix  
  144  11:36  Probe x3  
  149  11:40  Photon Cannon  
  149  11:48  Probe  
  149  11:50  Phoenix  
  152  11:58  Phoenix  
  154  12:02  Stalker x4  
  155  12:15  Phoenix  
  131  12:18  Probe  
  112  12:23  Probe x2  
  112  12:25  Zealot x4  
  112  12:29  Zealot  
Tags
 
Add a new tag
Caveats
  • Supply blocks, unpowered buildings, or Contaminate may cause inaccurate times.
  • Supply counts are checked every 10 seconds.